 Dungeon Crawl Stone Soup version 0.24.1-4-ge52af88ad5 (webtiles) character file.

Game seed: 18036822411524836487, levelgen mode: deterministic

14326 Curus the Cruncher (level 12, -22/74 HPs)
             Began as a Gargoyle Gladiator on Apr 16, 2020.
             Was an Elder of Makhleb.
             Killed from afar by a red draconian (24 damage)
             ... with a searing blast
             ... in a volcano.
             The game lasted 00:38:45 (6085 turns).

Curus the Cruncher (Gargoyle Gladiator)             Turns: 6085, Time: 00:38:45

Health: -22/74     AC: 23    Str: 23    XL:     12   Next: 15%
Magic:  27/27      EV:  9    Int:  8    God:    Makhleb [****..]
Gold:   400        SH:  0    Dex: 17    Spells: 11/11 levels left

rFire    . . .     SeeInvis .   x - +1 quarterstaff of Disembowelment {crush, Str+3}
rCold    . . .     Gourm    .   (shield currently unavailable)
rNeg     + . .     Faith    .   G - -2 plate armour
rPois    ∞         Spirit   .   c - +1 helmet
rElec    +         Reflect  .   (no cloak)
rCorr    .         Harm     .   o - +0 pair of gloves
MR       .....                  i - +0 pair of boots
Stlth    ..........             (no amulet)
HPRegen  0.22/turn              D - ring of magical power
MPRegen  0.20/turn              (no ring)

@: flying (expiring)
A: repulsion field 1, rugged brown scales 1, agile 1, negative energy resistance
1, robust 1, electricity resistance, unbreathing, petrification resistance, rot
immunity, AC +8
a: Minor Destruction, Lesser Servant of Makhleb, Major Destruction, Renounce
Religion


You were in a volcano.
You worshipped Makhleb.
Makhleb was greatly pleased with you.
You were very hungry.

You visited 2 branches of the dungeon, and saw 9 of its levels.
You also visited: Ossuary and Volcano.

You collected 508 gold pieces.
You spent 108 gold pieces at shops.

Inventory:

Hand Weapons
 a - a +1 quarterstaff
 x - the +1 quarterstaff of Disembowelment (weapon) {crush, Str+3}
   (You found it on level 6 of the Dungeon)

   It inflicts extra damage upon your enemies.
   It affects your strength (+3).
Missiles
 d - 4 throwing nets (quivered)
Armour
 b - a +0 leather armour
 c - a +1 helmet (worn)
 h - a +0 ring mail
 i - a +0 pair of boots (worn)
 o - a +0 pair of gloves (worn)
 r - a +0 chain mail
 G - a -2 plate armour (worn)
Jewellery
 q - an uncursed ring of ice
 D - a ring of magical power (left hand)
Wands
 e - a wand of polymorph (17)
 p - a wand of disintegration (10)
 u - a wand of iceblast (10)
 v - a wand of scattershot (5)
 C - a wand of acid (10)
 F - a wand of paralysis (5)
Scrolls
 g - 7 scrolls of remove curse
 k - 9 scrolls of identify
 l - 2 scrolls of amnesia
 m - 12 scrolls of teleportation
 n - a scroll of magic mapping
 y - 2 scrolls of blinking
 I - 2 scrolls of enchant armour
Potions
 j - 9 potions of curing
 t - a potion of haste
 w - 2 potions of brilliance
 z - 2 potions of heal wounds
 A - 2 potions of magic
 B - 2 potions of resistance
 E - a potion of cancellation
Comestibles
 f - 19 rations


   Skills:
 - Level 3.9 Fighting
 - Level 14.0 Staves
 - Level 1.7 Throwing
 - Level 3.0 Armour
 - Level 2.4 Dodging
 + Level 9.2 Invocations
 + Level 7.7 Evocations


You had 11 spell levels left.
You didn't know any spells.
Your spell library contained the following spells:

 Spells                   Type           Power        Failure   Level  Hunger
 Corona                   Hex            #......      100%        1    ##.....
 Slow                     Hex            #.......     100%        2    ###....
 Inner Flame              Hex/Fire       #.......     100%        3    ####...
 Portal Projectile        Hex/Tloc       #.....       100%        3    ####...
 Cause Fear               Hex            #.........   100%        4    #####..
 Leda's Liquefaction      Hex/Erth       #.........   100%        4    #####..


Dungeon Overview and Level Annotations

Branches:
Dungeon (8/15)             Temple (0/1) D:5            Lair (1/6) D:8
Ossuary (visited)         Volcano (1/1)

Altars:
Ashenzari
Dithmenos
Makhleb
Nemelex Xobeh
Okawaru
Uskayaw
Xom

Shops:
D:5 !

Annotations:
Lair:1 exclusion: oklob plant


Innate Abilities, Weirdness & Mutations

You are resistant to torment.
Your stone body is resilient. (AC +8)
You are immune to poison.
You resist negative energy. (rN+)
You are resistant to electric shocks. (rElec)
You can survive without breathing.
You are immune to petrification.
You are immune to rotting.
You are surrounded by a mild repulsion field. (EV +2)
You are partially covered in rugged brown scales. (AC +1, +3% HP)
You are agile. (Dex +2)
You are robust. (+10% HP)


Message History

Your ufetubus disappears in a puff of smoke!
The searing blast hits you!
* * * LOW HITPOINT WARNING * * *
You see here a bolt.
You are starting to lose your buoyancy.
The centaur wields a +1 shortbow of flaming.
It bursts into flame!
The centaur shoots an arrow.
The arrow completely misses you.
The centaur wields a +0 shortbow of flaming.
It bursts into flame!
The centaur shoots an arrow.
The arrow barely misses you.
You hear a sizzling splash.
Are you sure you want to fly over lava while you are losing your buoyancy?
The yaktaur shoots a bolt.
The bolt hits you!
* * * LOW HITPOINT WARNING * * *
The bolt burns you.
* * * LOW HITPOINT WARNING * * *
Unknown command.
The red draconian breathes flames at you.
The searing blast hits you!!
You die...

*≈≈≈≈##(#.!.$.#,**≈≈≈*
**≈≈≈≈#..'.[.$.+,,*≈≈≈**
**○°≈≈##..'.._..+,,**≈≈≈*****
**≈°°§°#...#.....#,,,*≈≈≈≈≈≈≈*
*≈≈○°°≈#..c#######,,,*≈≈≈≈≈≈**
*≈≈°≈°°#...c.....+,,,*≈≈≈≈≈≈*
***○°°§#...#d.≈.)#,,,*≈≈≈≈≈**
*#○°§#...#8☼≈≈8#,,,*≈≈≈≈**
*○°°≈##..'.@≈.(+,,**≈≈≈≈*
*≈§≈≈≈#..'.....+,,*≈≈≈≈≈*
*#≈≈≈≈##.#8..(8#,**≈§§≈**
**≈≈≈≈###.°..(###≈≈≈§**
***§○§§°.°.((≈§§≈≈≈#*
*#§§§°8..(8§≈≈§≈≈#
*##§§§....§§§≈§##
#§§§....§§≈### ##≈8...8≈≈§#


You could see a red draconian, a yaktaur and a centaur.

Vanquished Creatures
  A centaur warrior (Volcano)
  Pikel (D:7)
  An elephant (D:8)
  A komodo dragon (Lair:1)
  A spiny frog (Lair:1)
  Prince Ribbit (D:5)
  2 hippogriffs
  Eustachio (D:4)
  2 wraiths (Ossuary)
  9 yaks
  2 humans (D:7)
  A basilisk (D:8)
  A hungry ghost (D:7)
  2 water moccasins (Lair:1)
  A porcupine (Lair:1)
  An ice beast (D:7)
  A slave (D:7)
  A black bear (D:7)
  2 sky beasts
  An ogre (D:4)
  A centaur (D:5)
  2 crocodiles
  A big kobold (D:7)
  3 bullfrogs
  A gnoll sergeant (D:8)
  A scorpion (D:6)
  7 wights
  2 crimson imps
  A gnoll shaman (D:7)
  A hound (D:5)
  A jelly (D:5)
  2 orc priests (D:4)
  3 bullfrog skeletons (D:5)
  7 orc wizards
  8 worker ants
  A hound skeleton (D:4)
  A mummy (D:7)
  13 adders
  8 gnolls
  A howler monkey skeleton (D:5)
  A shadow imp (D:7)
  3 oozes
  An adder zombie (Ossuary)
  2 worms
  3 dart slugs
  8 leopard geckos
  13 orcs
  4 giant cockroaches
  9 goblins
  3 hobgoblins
  10 jackals
  14 kobolds
  2 quokkas (D:3)
  2 ball python skeletons (Ossuary)
  5 bats
  8 frilled lizards
  A goblin zombie (D:7)
  A hobgoblin skeleton (Ossuary)
  A hobgoblin zombie (Ossuary)
  2 jackal skeletons (D:4)
  2 orc skeletons (Ossuary)
  3 orc zombies
  11 rats
207 creatures vanquished.

Vanquished Creatures (others)
  2 howler monkeys (D:7)
  An adder (D:7)
  A quokka (D:7)
  A leopard gecko zombie (D:7)
5 creatures vanquished.

Grand Total: 212 creatures vanquished

Notes
Turn   | Place    | Note
-------+----------+-------------------------------------------
     0 | D:1      | Curus the Gargoyle Gladiator began the quest for the Orb.
     0 | D:1      | Reached XP level 1. HP: 12/12 MP: 1/1
   117 | D:1      | Gained mutation: You are agile. (Dex +2) [potion of
                  | mutation]
   117 | D:1      | Gained mutation: You are robust. (+10% HP) [potion of
                  | mutation]
   117 | D:1      | Gained mutation: You are partially covered in rugged brown
                  | scales. (AC +1, +3% HP) [potion of mutation]
   117 | D:1      | Gained mutation: You are surrounded by a mild repulsion
                  | field. (EV +2) [potion of mutation]
   128 | D:1      | Reached XP level 2. HP: 19/19 MP: 2/2
   363 | D:1      | Reached skill level 4 in Staves
   463 | D:1      | Reached XP level 3. HP: 21/23 MP: 3/3
   795 | D:2      | Reached XP level 4. HP: 29/29 MP: 4/4
  1165 | D:3      | Reached skill level 5 in Staves
  1325 | D:3      | Found a shattered altar of Ashenzari.
  1326 | D:3      | Found a burning altar of Makhleb.
  1343 | D:3      | Became a worshipper of Makhleb the Destroyer
  1412 | D:3      | Found a sparkling altar of Nemelex Xobeh.
  1527 | D:3      | Reached XP level 5. HP: 33/33 MP: 5/5
  1558 | D:4      | Reached skill level 6 in Staves
  1695 | D:4      | Reached XP level 6. HP: 36/39 MP: 6/6
  1729 | D:4      | Reached skill level 7 in Staves
  2040 | D:4      | Found a shadowy altar of Dithmenos.
  2134 | D:4      | Reached * piety under Makhleb
  2385 | D:4      | Noticed Eustachio
  2414 | D:4      | Killed Eustachio
  2414 | D:4      | Reached skill level 8 in Staves
  2414 | D:4      | Reached XP level 7. HP: 33/45 MP: 7/7
  2622 | D:5      | Entered Level 5 of the Dungeon
  2622 | D:5      | Found Maotouv's Distillery.
  2749 | D:5      | Bought a potion of curing for 36 gold pieces
  2749 | D:5      | Bought a potion of curing for 36 gold pieces
  2749 | D:5      | Bought a potion of flight for 36 gold pieces
  2797 | D:5      | Reached skill level 9 in Staves
  2800 | D:5      | Reached XP level 8. HP: 46/49 MP: 8/8
  2822 | D:5      | Noticed Prince Ribbit
  2830 | D:5      | Killed Prince Ribbit
  2830 | D:5      | Reached skill level 10 in Staves
  3057 | D:5      | Found a staircase to the Ecumenical Temple.
  3350 | D:6      | Got a brightly glowing quarterstaff
  3383 | D:6      | Identified the cursed +1 quarterstaff of Disembowelment
                  | {crush, Str+3} (You found it on level 6 of the Dungeon)
  3776 | D:7      | Reached skill level 11 in Staves
  3798 | D:7      | Noticed Pikel
  3821 | D:7      | Killed Pikel
  3821 | D:7      | Reached XP level 9. HP: 54/54 MP: 9/9
  3825 | D:7      | Reached ** piety under Makhleb
  3833 | D:7      | Found a sand-covered staircase.
  3843 | Ossuary  | Entered an ossuary
  3982 | Ossuary  | Reached skill level 12 in Staves
  4201 | D:7      | Noticed a -3 hand axe
  4202 | D:7      | Noticed a -2 hand axe
  4205 | D:7      | Found a hide-covered altar of Uskayaw.
  4402 | D:7      | Reached skill level 13 in Staves
  4441 | D:7      | Found an iron altar of Okawaru.
  4453 | D:7      | Reached *** piety under Makhleb
  4542 | D:7      | Reached XP level 10. HP: 59/59 MP: 10/10
  5080 | D:8      | Reached skill level 14 in Staves
  5238 | D:8      | Found a staircase to the Lair.
  5239 | D:8      | Noticed an elephant
  5248 | D:8      | Reached skill level 1 in Armour
  5272 | D:8      | Killed an elephant
  5300 | Lair:1   | Entered Level 1 of the Lair of Beasts
  5316 | Lair:1   | Reached skill level 1 in Invocations
  5316 | Lair:1   | Reached skill level 1 in Evocations
  5337 | Lair:1   | Reached **** piety under Makhleb
  5424 | Lair:1   | Found a shimmering altar of Xom.
  5559 | Lair:1   | Noticed a spiny frog
  5566 | Lair:1   | Killed a spiny frog
  5566 | Lair:1   | Reached skill level 5 in Invocations
  5566 | Lair:1   | Reached XP level 11. HP: 62/67 MP: 14/14
  5605 | Lair:1   | Noticed an oklob plant
  5980 | Lair:1   | Found a dark tunnel.
  5986 | Volcano  | Entered a volcano
  6002 | Volcano  | Noticed a centaur warrior
  6049 | Volcano  | Found a radiant altar of Vehumet.
  6050 | Volcano  | Noticed a red draconian
  6059 | Volcano  | Killed a centaur warrior
  6059 | Volcano  | Reached skill level 5 in Evocations
  6070 | Volcano  | Reached XP level 12. HP: 41/74 MP: 18/18
  6084 | Volcano  | HP: 2/74 [yaktaur/bolt (3)]
  6085 | Volcano  | Killed from afar by a red draconian

Levels and vault maps discovered:
D:1:      dpeg_arrival_refuge, layout_loops_ring, serial_bayou_ford_a,
          minivault_24, minmay_pentomino_q2
D:2:      layout_loops_ring, first_ration, uniq_jessica
D:3:      layout_basic, gammafunk_temple_overflow_pools,
          nemelex_spade_bored_becter
D:4:      layout_cave_pods, nicolae_dithmenos_the_darkroom, uniq_eustachio
D:5:      layout_cave_pools, minmay_temple_entry_poolview, serial_shops,
          nicolae_shop_trees, uniq_prince_ribbit1
D:6:      layout_cave_pools, dk_noncrumbling_3
D:7:      layout_basic, dancing_weapons_uskayaw, okawaru_humans,
          nicolae_ossuary_entry_giza, uniq_pikel
D:8:      layout_cave_pools, lemuel_crystal_altar, david_lair_generic,
          uniq_erica
Lair:1:   layout_hall_layers, basic_altar, nicolae_volcano_entry_s_turn
Volcano:  kennysheep_volcano_temple

Skill      XL: |  1  2  3  4  5  6  7  8  9 10 11 |
---------------+----------------------------------+-----
Staves         | 4 5 6 8 9 11 13 14 | 14.0
Armour         | 3 |  3.0
Fighting       | 3 |  3.9
Invocations    | 5 9 |  9.2
Evocations     | 4 7 |  7.7
Throwing       | |  1.7
Dodging        | |  2.4

Action                   |  1- 3 |  4- 6 |  7- 9 | 10-12 || total
-------------------------+-------+-------+-------+-------++-------
Melee: Quarterstaff      |    83 |   186 |   326 |   227 ||   822
Invok: Lesser Servant of |       |       |       |     1 ||     1
Evoke: Wand              |       |       |       |     3 ||     3
  Use: Potion            |     3 |     3 |     7 |     4 ||    17
       Scroll            |     6 |     3 |     5 |     3 ||    17
  Eat: Chunk             |       |     4 |     7 |     4 ||    15
       Ration            |       |       |     1 |       ||     1
Armor: Leather armour    |    10 |       |       |       ||    10
       Ring mail         |    18 |    62 |       |       ||    80
       Chain mail        |       |    43 |   160 |    36 ||   239
       Plate armour      |       |       |       |    86 ||    86
Dodge: Dodged            |    55 |   160 |   134 |   108 ||   457
